 Dungeon Crawl Stone Soup version 0.27-a0-1202-ge72e49191c (webtiles) character file.

Game seed: 9322360766371174137

555 rlgrobin the Chopper (level 7, -4/59 (61) HPs)
             Began as a Minotaur Berserker on June 4, 2021.
             Was a Believer of Trog.
             Slain by a killer bee (7 damage)
             ... on level 8 of the Dungeon.
             The game lasted 00:09:18 (2774 turns).

rlgrobin the Chopper (Minotaur Berserker)           Turns: 2774, Time: 00:09:18

HP:   -4/59 (61)    AC: 12    Str: 23    XL:     7   Next: 8%
MP:   6/6           EV:  7    Int:  4    God:    Trog [**....]
Gold: 117           SH:  0    Dex: 10    Spells: 6/6 levels left

rFire    . . .     SeeInvis .   q - +4 falchion
rCold    . . .     Faith    +   (no shield)
rNeg     . . .     Spirit   .   e - +0 plate armour
rPois    .         Reflect  .   (helmet restricted)
rElec    .         Harm     .   (no cloak)
rCorr    .         Rampage  .   (no gloves)
Will     ++...                  (no boots)
Stlth    ..........             i - amulet of faith
HPRegen  1.19/turn              (no ring)
MPRegen  0.10/turn              (no ring)

@: lethally poisoned (-4 -> -6), strong-willed, on berserk cooldown,
regenerating, slowed, lightly drained, very slow
A: horns 2, retaliatory headbutt
a: Renounce Religion, Berserk, Trog's Hand


You were on level 8 of the Dungeon.
You worshipped Trog.
Trog was pleased with you.
You visited 1 branch of the dungeon, and saw 7 of its levels.

You collected 117 gold pieces.

Inventory:

Hand Weapons
 a - a +0 hand axe
 h - a +4 dagger of draining
 l - a +0 dagger
 q - a +4 falchion (weapon)
Armour
 b - a +0 animal skin
 e - a +0 plate armour (worn)
Jewellery
 i - an amulet of faith (around neck)
Scrolls
 d - a scroll of identify {unknown}
 f - a scroll of magic mapping {unknown}
 j - a scroll of immolation {unknown}
 n - a scroll of teleportation {unknown}
 o - a scroll of fog {unknown}
Potions
 c - a potion of haste {unknown}
 g - 2 potions of brilliance {unknown}
 k - 3 potions of lignification {unknown}
 m - a potion of might {unknown}
 p - a potion of heal wounds {unknown}


   Skills:
 + Level 5.1 Fighting
 + Level 2.5 Short Blades
 + Level 5.9 Axes
 + Level 5.2 Armour
 + Level 3.7 Dodging
 + Level 1.0 Stealth


You had 6 spell levels left.
You didn't know any spells.
Your spell library was empty.

Dungeon Overview and Level Annotations

Branches:
Dungeon (6/15)
 Temple: D:4-7

Altars:
Fedhas
Qazlal
Trog


Innate Abilities, Weirdness & Mutations

You have a pair of horns on your head.
You reflexively headbutt those who attack you in melee.


Message History

The killer bee is heavily wounded.
The killer bee stings you!
You are poisoned.
The killer bee poisons you!
The killer bee stings you but does no damage.
The killer bee stings you!
You are more poisoned.
The killer bee poisons you! The killer bee stings you!
The killer bee closely misses you. x2; The killer bee stings you.
The killer bee stings you but does no damage.
The killer bee stings you.
* * * LOW HITPOINT WARNING * * *
The killer bee stings you but does no damage.
Unknown command.
Your skin crawls.
You feel strong-willed.
* * * LOW HITPOINT WARNING * * *
You feel extremely sick.
The killer bee stings you but does no damage. x3
The killer bee barely misses you.
The killer bee stings you but does no damage. x2
The killer bee stings you.
* * * LOW HITPOINT WARNING * * *
The killer bee stings you but does no damage.
The killer bee barely misses you.
You miss the killer bee. Your headbutt misses the killer bee.
The killer bee is heavily wounded.
* * * LOW HITPOINT WARNING * * *
You feel very sick. The killer bee barely misses you.
You riposte.
You hit the killer bee. Your headbutt misses the killer bee.
The killer bee is severely wounded.
The killer bee stings you but does no damage.
The killer bee barely misses you. You furiously retaliate!
You headbutt the killer bee!
You kill the killer bee!
Trog accepts your kill.
The killer bee stings you but does no damage. x2
The killer bee closely misses you. The killer bee stings you!
You die...

#############
....$...y@..#
........y....#
##############


You could see 2 killer bees.

Vanquished Creatures
  A wyvern skeleton (D:6)
  2 killer bees (D:8)
  2 wights (D:6)
  A bullfrog zombie (D:6)
  A hound (D:6)
  A jelly (D:6)
  An orc priest (D:5)
  2 centaur skeletons (D:5)
  Terence (D:3)
  4 iguanas
  2 adders
  3 dart slugs
  5 orcs
  3 endoplasms
  A giant cockroach (D:2)
  4 goblins
  3 hobgoblins
  2 jackals (D:1)
  3 quokkas
  2 ball pythons
  6 bats
  2 frilled lizards (D:3)
  A kobold (D:2)
  7 rats
60 creatures vanquished.

Vanquished Creatures (others)
  A plant (D:2)
1 creature vanquished.

Grand Total: 61 creatures vanquished

Notes
Turn   | Place    | Note
-------+----------+-------------------------------------------
     0 | D:1      | rlgrobin the Minotaur Berserker began the quest for the
                  | Orb.
     0 | D:1      | Reached XP level 1. HP: 19/19 MP: 0/0
   144 | D:1      | Reached XP level 2. HP: 19/27 MP: 1/1
   759 | D:2      | Reached XP level 3. HP: 33/33 MP: 2/2
   798 | D:2      | Found a blossoming altar of Fedhas.
   895 | D:2      | Reached ** piety under Trog
  1080 | D:3      | Noticed Terence
  1090 | D:3      | Killed Terence
  1091 | D:3      | Reached XP level 4. HP: 41/41 MP: 3/3
  1564 | D:5      | Entered Level 5 of the Dungeon
  1668 | D:5      | Reached skill level 5 in Axes
  1766 | D:5      | Reached XP level 5. HP: 43/47 MP: 4/4
  1831 | D:5      | Reached skill level 1 in Short Blades
  1888 | D:6      | Found a bloodstained altar of Trog.
  2018 | D:6      | Reached XP level 6. HP: 51/55 MP: 5/5
  2367 | D:6      | Reached skill level 5 in Fighting
  2746 | D:6      | Found a stormy altar of Qazlal.
  2753 | D:6      | Reached skill level 5 in Armour
  2753 | D:6      | Reached skill level 1 in Stealth
  2764 | D:6      | You fall into a shaft and drop 2 floors!
  2772 | D:8      | Reached XP level 7. HP: 43/59 MP: 6/6
  2774 | D:8      | Slain by a killer bee

Illustrated notes

Levels and vault maps discovered:
D:1:      dpeg_arrival_shelter, layout_rooms, glass_columns_b,
          chequers_hall_statues_wall_a
D:2:      layout_basic, basic_altar, shapermc_ecumenical_altar_mp_ritualfount
D:3:      layout_rooms, portal_sewer_entry_d, minmay_cut_off, uniq_terence
D:4:      layout_loops_corners
D:5:      layout_loops_ring, temple_pool_b
D:6:      layout_cave_pods, grunt_qazlal_sundering, overflow_temple_1_default,
          serial_rivers, chequers_serial_rivers_micro_e,
          chequers_serial_rivers_room_b, chequers_serial_rivers_room_b,
          chequers_serial_rivers_large_b, chequers_serial_rivers_micro_c,
          chequers_serial_rivers_micro_a
D:8:      layout_basic

Skill      XL: |  1  2  3  4  5  6 |
---------------+-------------------+-----
Axes           | 4 5 |  5.9
Fighting       | 4 5 |  5.1
Dodging        | 3 |  3.7
Armour         | 3 4 5 |  5.2
Short Blades   | 1 2 |  2.5
Stealth        | 1 |  1.0

Action                   |  1- 3 |  4- 6 |  7- 9 || total
-------------------------+-------+-------+-------++-------
Melee: Hand axe          |    54 |       |       ||    54
       Headbutt          |     7 |    11 |       ||    18
       Dagger            |     8 |    75 |       ||    83
       Falchion          |       |     2 |     2 ||     4
Invok: Berserk           |     1 |     3 |       ||     4
       Trog's Hand       |       |     2 |     1 ||     3
Armor: Animal skin       |    10 |       |       ||    10
       Plate armour      |    44 |    76 |    12 ||   132
Dodge: Dodged            |    59 |    60 |     8 ||   127
       Rpst.: Falchion   |       |     4 |     2 ||     6

Table legend: (Time is in decaauts)
 A = Elapsed time spent in this place.
 B = Non-inter-level travel time spent in this place.
 C = Inter-level travel time spent in this place.
 D = Time resting spent in this place.
 E = Time spent auto-exploring this place.
 F = Levels seen in this place.
 G = Mean time per level.
                   A        B        C        D        E       F      G
               +--------+--------+--------+--------+--------+-----+--------+
         Total |   2807 |   2793 |     14 |   1142 |      0 |   7 |  401.0 |
       Dungeon |   2807 |   2793 |     14 |   1142 |      0 |   7 |  401.0 |
               +--------+--------+--------+--------+--------+-----+--------+

Top non-repeatable levels by time:
     D:6: 927 daAuts
     D:2: 662 daAuts
     D:3: 454 daAuts
     D:1: 422 daAuts
     D:5: 284 daAuts
     D:4: 40 daAuts
     D:8: 15 daAuts
